Map: Jagannatha LE

Players

Trap - Winner!

  • Race: Protoss Protoss
  • League: Master

TIME (Oliveira)

  • Race: Terran Terran
  • League: Grandmaster

Event: TSL 7

VOD

Have the link to the VOD?

Description

Time

  • Played on: June 13, 2021, 1:30 p.m.
  • Length: 6:24

All games in this series

Show
View Real Time Build Order
Export as new Build Order

Trap Protoss - Winner!

Build Orders: 1 Gate Expand, Blink Stalkers 

Get SALT Encoding   

  12  0:00  Probe  
  13  0:12  Probe  
  14  0:16  Pylon  
  14  0:24  Probe (Chrono Boost)  
  15  0:36  Probe (Chrono Boost)  
  15  0:37  Gateway  
  16  0:44  Probe (Chrono Boost)  
  16  0:46  Assimilator  
  17  0:50  Probe  
  18  1:03  Probe  
  19  1:15  Probe  
  20  1:22  Nexus  
  20  1:32  Cybernetics Core  
  20  1:35  Probe  
  21  1:41  Assimilator  
  21  1:47  Probe  
  21  1:50  Pylon  
  22  1:59  Probe  
  23  2:06  Adept (Chrono Boost)  
  23  2:08  Warp Gate  
  23  2:11  Probe  
  26  2:19  Twilight Council  
  26  2:23  Probe  
  26  2:27  Stalker (Chrono Boost)  
  29  2:35  Probe (Chrono Boost)  
  30  2:40  Probe (Chrono Boost)  
  30  2:46  Probe (Chrono Boost)  
  30  2:49  Stalker  
  30  2:50  Probe (Chrono Boost)  
  34  2:52  Probe (Chrono Boost)  
  35  2:59  Blink (Chrono Boost)  
  35  3:00  Probe  
  36  3:07  Probe  
  36  3:12  Probe  
  38  3:18  Gateway  
  38  3:19  Probe  
  39  3:24  Robotics Facility  
  39  3:27  Probe  
  39  3:31  Probe  
  41  3:38  Gateway  
  41  3:42  Gateway  
  41  3:45  Probe x2  
  41  3:56  Pylon, Stalker  
  41  3:57  Probe x2  
  41  4:01  Assimilator  
  45  4:11  Warp Prism (Chrono Boost)  
  45  4:16  Stalker  
  49  4:19  Pylon  
  49  4:21  Stalker  
  51  4:25  Pylon  
  51  4:30  Probe x2  
  53  4:38  Stalker x2  
  55  4:39  Stalker  
  55  4:41  Observer  
  55  4:45  Pylon  
  60  4:47  Assimilator  
  60  5:01  Stalker x2  
  60  5:02  Stalker  
  60  5:04  Stalker  
  68  5:08  Probe x2  
  68  5:12  Pylon  
  70  5:31  Stalker x4  
  70  5:34  Probe x2  
Show
View Real Time Build Order
Export as new Build Order

TIME Terran 

Build Orders: Cyclone Opening 

Get SALT Encoding   

  12  0:00  SCV  
  13  0:12  SCV  
  14  0:17  Supply Depot  
  14  0:24  SCV  
  15  0:39  SCV, Barracks  
  16  0:44  Refinery  
  16  0:51  SCV  
  16  0:53  Refinery  
  17  1:03  SCV  
  18  1:06  Supply Depot  
  18  1:16  SCV  
  19  1:27  Reaper  
  19  1:28  Orbital Command  
  20  1:41  Factory  
  20  1:54  SCV  
  21  2:05  Barracks Tech Lab  
  21  2:07  SCV  
  22  2:19  SCV, Command Center  
  23  2:31  SCV  
  23  2:34  Barracks Reactor  
  24  2:38  Cyclone  
  24  2:43  SCV  
  28  2:55  SCV  
  29  3:00  Command Center  
  29  3:07  SCV  
  31  3:15  Barracks  
  31  3:19  SCV, Barracks  
  31  3:25  Factory Tech Lab  
  31  3:31  Orbital Command  
  31  3:34  SCV  
  32  3:40  Marine x2  
  33  3:46  SCV, Bunker  
  34  3:57  SCV  
  34  3:59  SCV, Marine  
  34  4:00  Marine  
  38  4:03  Stimpack  
  38  4:06  Marine  
  38  4:09  SCV  
  40  4:11  SCV  
  40  4:13  Orbital Command  
  41  4:17  Marine x2  
  41  4:20  Combat Shield  
  41  4:22  SCV  
  44  4:25  SCV  
  44  4:26  Marine  
  44  4:30  Engineering Bay  
  46  4:34  Marine  
  46  4:35  SCV, Marine  
  46  4:37  SCV  
  50  4:38  SCV  
  50  4:42  Starport  
  50  4:43  Factory Reactor  
  51  4:47  SCV  
  51  4:49  SCV, Marine  
  51  4:50  SCV  
  51  4:51  Marine  
  56  4:55  Supply Depot  
  56  4:59  Marauder  
  58  5:01  SCV x2  
  58  5:03  Marine  
  61  5:09  Supply Depot  
  61  5:17  SCV, Marauder, Marine  
  61  5:18  Refinery  
  64  5:23  SCV, Marauder  
  64  5:24  SCV  
  63  5:29  SCV  
  63  5:30  Bunker  
  63  5:33  Factory Tech Lab  
  58  5:38  Marauder, Marine  
  58  5:39  Marine  
  52  5:44  Marauder  
  52  5:56  Marine  
Tags
 
Add a new tag
Caveats
  • Supply blocks, unpowered buildings, or Contaminate may cause inaccurate times.
  • Supply counts are checked every 10 seconds.